 Dungeon Crawl Stone Soup version 0.22.1-6-g1668fe2c40 (webtiles) character file.

6093 Kohma the Covert (level 10, -3/51 HPs)
             Began as a Spriggan Enchanter on Jan 28, 2019.
             Was an Initiate of Wu Jian.
             Killed from afar by an electric eel (10 damage)
             ... with a bolt of electricity
             ... on level 8 of the Dungeon.
             The game lasted 00:39:56 (12446 turns).

Kohma the Covert (Spriggan Enchanter)              Turns: 12446, Time: 00:39:57

Health: -3/51      AC:  6    Str:  4    XL:     10   Next: 58%
Magic:  13/18      EV: 27    Int: 18    God:    Wu Jian [......]
Gold:   557        SH:  0    Dex: 19    Spells: 11/19 levels left

rFire    + . .     SeeInvis +   b - +0 dagger (venom)
rCold    . . .     Gourm    .   (shield restricted)
rNeg     + . .     Faith    .   y - +2 robe {rN+}
rPois    .         Spirit   .   (helmet restricted)
rElec    .         Reflect  .   B - +1 cloak
rCorr    .         Harm     .   (gloves unavailable)
MR       +....                  (boots unavailable)
Stlth    +++++.....             (no amulet)
HPRegen  0.17/turn              u - ring of protection from fire
MPRegen  0.16/turn              q - ring of wizardry

@: very quick
A: very small, unfitting armour, see invisible, herbivore, speed 3, slow
metabolism 2
a: Renounce Religion


You were on level 8 of the Dungeon.
You worshipped Wu Jian.
Wu Jian was noncommittal.
You were hungry.

You visited 2 branches of the dungeon, and saw 9 of its levels.

You collected 557 gold pieces.

Inventory:

Hand Weapons
 a - a +1 dagger
 b - a +0 dagger of venom (weapon)
 x - a +0 rapier
Missiles
 i - 3 javelins of returning
 n - 191 stones (quivered)
 w - a throwing net
Armour
 y - a +2 robe of positive energy (worn)
 B - a +1 cloak (worn)
Jewellery
 m - a +1 ring of protection {unknown}
 p - an uncursed ring of fire
 q - a ring of wizardry (right hand)
 u - a ring of protection from fire (left hand)
 v - an uncursed ring of poison resistance {unknown}
Wands
 s - a wand of random effects (33)
Scrolls
 c - a scroll of enchant armour
 l - 2 scrolls of magic mapping
 o - 4 scrolls of amnesia
 r - 4 scrolls of teleportation
Potions
 e - 3 potions of agility
 f - 3 potions of heal wounds
 g - a potion of curing
 h - a potion of mutation {unknown}
 j - a potion of resistance {unknown}
 k - a potion of flight {unknown}
 t - a potion of lignification {unknown}
 z - a potion of degeneration {unknown}
 A - 2 potions of berserk rage {unknown}
Comestibles
 d - 10 rations


   Skills:
 + Level 4.3 Fighting
 - Level 10.0 Short Blades
 - Level 10.0 Dodging
 - Level 10.1 Stealth
 - Level 5.0 Spellcasting
 - Level 8.5 Hexes
 - Level 2.2 Ice Magic


You had 11 spell levels left.
You knew the following spells:

 Your Spells              Type           Power        Failure   Level  Hunger
a - Corona                Hex            #####..      1%          1    None
b - Ensorcelled Hibernat  Hex/Ice        ###...       1%          2    #......
c - Confusing Touch       Hex            #####.       1%          1    None
d - Confuse               Hex            #####...     1%          3    ##.....
e - Animate Skeleton      Necr           N/A          5%          1    None

Your spell library contained the following spells:

 Spells                   Type           Power        Failure   Level  Hunger
 Tukima's Dance           Hex            #####...     1%          3    ##.....
 Dazzling Spray           Conj/Hex       ###...       2%          3    ##.....
 Apportation              Tloc           #.....       5%          1    None
 Summon Small Mammal      Summ           #...         5%          1    None


Dungeon Overview and Level Annotations

Branches:
Dungeon (8/15)             Temple (1/1) D:6
   Lair: D:8-11

Altars:
Ashenzari
Cheibriados
Dithmenos
Elyvilon
Fedhas
Gozag
Kikubaaqudgha
Makhleb
Nemelex Xobeh
Okawaru
Ru
Sif Muna
Trog
Uskayaw
Vehumet
Wu Jian
Xom
Yredelemnul
Zin
The Shining One


Innate Abilities, Weirdness & Mutations

You are very small and have problems with some larger weapons.
You are too small for most types of armour.
You have supernaturally acute eyesight. (SInv)
You are a herbivore.
You cover ground extremely quickly.
You need to consume almost no food.


Message History

Aiming: Ensorcelled Hibernation (safe; 1% risk of failure)
Press: ? - help, Shift-Dir - straight line, f/p - two-headed ogre
Aim: a two-headed ogre, wielding a giant club and a great mace (chance to The two-headed ogre easily resists.
Casting: Ensorcelled Hibernation (safe; 1% risk of failure)
Confirm with . or Enter, or press ? or * to list all spells.
Aiming: Ensorcelled Hibernation (safe; 1% risk of failure)
Press: ? - help, Shift-Dir - straight line, f/p - two-headed ogre
Aim: a two-headed ogre, wielding a giant club and a great mace (chance to The two-headed ogre easily resists.
The two-headed ogre hits you with a giant club!
The two-headed ogre hits you with a great mace!
* * * LOW HITPOINT WARNING * * *
There is an open door here.
An electric eel comes into view.
Things that are here:
a trident; a chain mail; an orc corpse The electric eel shoots out a bolt of lightning at you!
The bolt of electricity hits you!
You die...

≈≈≈≈≈≈..#.....#≈≈≈....,,,,......*
≈≈≈≈≈≈..##...##≈≈≈....####......*
.≈≈≈≈≈...'#.##≈≈≈≈....#..#......,
.≈≈≈≈≈....###.≈≈≈≈....#..#.....,,
.≈≈≈≈≈........≈≈≈≈....#'##..#***,
.≈≈≈≈≈........≈≈≈≈..........#,,*,
.≈≈≈≈≈........≈≈;≈..........#,,*.
..≈≈≈≈≈.......≈≈≈≈..........##+#.
................@..)...O.........
.....................).........[.
..≈≈≈≈≈≈......≈≈≈≈...............
...≈≈≈≈≈.....≈≈≈≈≈....##'#..#'##.
...≈≈≈≈≈≈....≈≈≈≈≈≈...#..#..#..#,
#...≈≈≈≈≈≈...≈≈≈≈≈≈...#..#..#..#,
##..≈≈≈≈≈≈≈..≈≈≈≈≈≈≈..#[.#..####.
.#..≈≈≈≈≈≈≈≈≈≈≈≈≈≈≈≈..####.......
.#...≈≈≈≈≈≈≈≈≈≈≈≈≈≈≈≈≈.o.........


You could see a two-headed ogre and an electric eel.

Vanquished Creatures
  A two-headed ogre (D:7)
  Pikel (D:4)
  Prince Ribbit (D:7)
  3 hippogriffs (D:7)
  A yak (D:8)
  A hog (D:8)
  A wyvern (D:8)
  A hungry ghost (D:8)
  Menkaure (D:5)
  5 orc warriors
  A slave (D:4)
  2 ice beasts
  4 black bears
  2 ogres
  10 bullfrogs
  A scorpion (D:7)
  3 wights (D:6)
  6 electric eels (D:8)
  3 howler monkeys (D:7)
  4 crimson imps
  A hound (D:4)
  7 orc priests
  Crazy Yiuf (D:3)
  2 gnoll shamans
  Jessica (D:3)
  An iguana (D:6)
  Natasha (thrice) (D:2 D:3)
  5 worker ants
  9 orc wizards
  A hound skeleton (D:6)
  3 gnolls
  12 adders
  3 oozes
  An adder skeleton (D:4)
  An adder zombie (D:7)
  3 worms (D:2)
  A dart slug (D:2)
  6 leopard geckos
  42 orcs
  9 bats
  8 giant cockroaches
  5 goblins
  6 hobgoblins
  5 jackals
  10 kobolds
  4 quokkas
  A ball python (D:1)
  2 frilled lizards
  A leopard gecko skeleton (D:6)
  A quokka zombie (D:7)
  8 rats
  A spectral orc (D:3)
216 creatures vanquished.

Vanquished Creatures (collateral kills)
  An orc (D:8)
1 creature vanquished.

Vanquished Creatures (others)
  An orc (D:4)
  3 plants (D:8)
4 creatures vanquished.

Grand Total: 221 creatures vanquished

Notes
Turn   | Place    | Note
-------+----------+-------------------------------------------
     0 | D:1      | Kohma the Spriggan Enchanter began the quest for the Orb.
     0 | D:1      | Reached XP level 1. HP: 9/9 MP: 5/5
   405 | D:1      | Reached XP level 2. HP: 13/13 MP: 6/6
   409 | D:1      | Learned a level 2 spell: Ensorcelled Hibernation
   718 | D:1      | Reached skill level 5 in Stealth
  1110 | D:1      | Reached XP level 3. HP: 14/16 MP: 5/8
  1429 | D:2      | Reached XP level 4. HP: 21/21 MP: 4/9
  1549 | D:2      | Noticed Natasha
  1555 | D:2      | Killed Natasha
  1798 | D:2      | Noticed Natasha
  1807 | D:2      | Killed Natasha
  1807 | D:2      | Reached skill level 5 in Hexes
  2005 | D:2      | Reached XP level 5. HP: 24/24 MP: 10/10
  2773 | D:3      | Found a snail-covered altar of Cheibriados.
  2828 | D:3      | Noticed Natasha
  2842 | D:3      | Killed Natasha
  3213 | D:3      | Found an iron altar of Okawaru.
  3215 | D:3      | Found a white marble altar of Elyvilon.
  3217 | D:3      | Found a shadowy altar of Dithmenos.
  3408 | D:3      | Reached XP level 6. HP: 28/28 MP: 4/11
  3414 | D:3      | You fall through a shaft for 3 floors!
  3484 | D:6      | Reached skill level 5 in Dodging
  3526 | D:6      | Learned a level 1 spell: Confusing Touch
  3530 | D:6      | Learned a level 3 spell: Confuse
  3532 | D:6      | Learned a level 1 spell: Animate Skeleton
  4186 | D:6      | Reached XP level 7. HP: 22/32 MP: 10/13
  4930 | D:6      | Found a staircase to the Ecumenical Temple.
  4999 | D:7      | Noticed a hippogriff
  5021 | D:7      | Killed a hippogriff
  5021 | D:7      | Reached skill level 10 in Stealth
  5021 | D:7      | Reached XP level 8. HP: 23/36 MP: 4/16
  5219 | D:5      | Entered Level 5 of the Dungeon
  5264 | D:5      | Reached skill level 5 in Spellcasting
  5409 | D:5      | Noticed Menkaure
  5426 | D:5      | Killed Menkaure
  5539 | D:5      | Noticed Pikel
  5574 | D:5      | HP: 1/36 [Pikel/whip of electrocution (10)]
  5936 | D:4      | Killed Pikel
  5936 | D:4      | Reached skill level 5 in Short Blades
  6500 | D:4      | Reached XP level 9. HP: 39/39 MP: 17/17
  6719 | D:4      | Found a burning altar of Makhleb.
  7269 | D:3      | Found a runed door.
  7273 | D:3      | Noticed Crazy Yiuf
  7277 | D:3      | Killed Crazy Yiuf
  7392 | D:3      | Noticed Jessica
  7401 | D:3      | Killed Jessica
  7472 | D:3      | Found a basalt altar of Yredelemnul.
  7780 | D:7      | Reached skill level 10 in Dodging
  7914 | D:7      | Noticed a two-headed ogre
  8097 | D:7      | Reached skill level 1 in Ice Magic
  8677 | D:7      | Noticed Prince Ribbit
  8685 | D:7      | Killed Prince Ribbit
  8807 | D:7      | Killed a two-headed ogre
  9232 | D:7      | Reached XP level 10. HP: 40/44 MP: 13/18
  9357 | Temple   | Entered the Ecumenical Temple
  9533 | Temple   | Became a worshipper of the Wu Jian Council
 10131 | D:8      | HP: 2/44 [electric eel/bolt of electricity (9)]
 10870 | D:8      | Reached skill level 10 in Short Blades
 10934 | D:8      | Reached skill level 1 in Fighting
 12427 | D:8      | Noticed a two-headed ogre
 12446 | D:8      | Killed from afar by an electric eel

Skill      XL: |  1  2  3  4  5  6  7  8  9 10 |
---------------+-------------------------------+-----
Hexes          | 4 5 6 8 |  8.5
Stealth        | 5 6 7 8 10 | 10.1
Spellcasting   | 3 4 5 |  5.0
Dodging        | 4 5 6 9 10 | 10.0
Short Blades   | 2 3 6 9 10 | 10.0
Ice Magic      | 2 |  2.2
Fighting       | 4 |  4.3

Action                   |  1- 3 |  4- 6 |  7- 9 | 10-12 || total
-------------------------+-------+-------+-------+-------++-------
Melee: Dagger            |    59 |   152 |   243 |    91 ||   545
Throw: Stone             |     2 |       |       |    24 ||    26
 Cast: Corona            |     4 |     1 |       |       ||     5
       Ensorcelled Hiber |    17 |    36 |   112 |    65 ||   230
       Confuse           |       |     5 |     8 |     4 ||    17
       Confusing Touch   |       |     2 |     3 |       ||     5
       Animate Skeleton  |       |       |     3 |     3 ||     6
Invok: Lunge             |       |       |       |     6 ||     6
  Use: Scroll            |       |       |       |    14 ||    14
 Stab: Sleeping          |    20 |    33 |    73 |    35 ||   161
       Distracted        |       |     1 |     1 |     1 ||     3
       Confused          |       |     4 |     5 |     1 ||    10
  Eat: Ration            |       |     2 |     4 |     2 ||     8
Armor: Robe              |     3 |     9 |    18 |     3 ||    33
Dodge: Dodged            |    75 |   119 |   222 |    62 ||   478
